 Dungeon Crawl Stone Soup version 0.20.0-8-g6b59dc7 (webtiles) character file.

249 Gorglomux the Skirmisher (level 6, -1/49 HPs)
             Began as a Formicid Hunter on May 31, 2017.
             Slain by an orc wizard
             ... wielding a +0 dagger of electrocution
              (2 damage)
             ... on level 4 of the Dungeon.
             The game lasted 00:04:02 (3605 turns).

Gorglomux the Skirmisher (Formicid Hunter)          Turns: 3605, Time: 00:04:03

Health: -1/49      AC:  7    Str: 17    XL:     6   Next: 34%
Magic:  6/6        EV: 10    Int: 11    God:
Gold:   178        SH:  0    Dex: 12    Spells: 5/5 levels left

rFire    . . .     SeeInvis +   P - +0 mace
rCold    . . .     Gourm    .   (no shield)
rNeg     . . .     Faith    .   Y - +0 scale mail
rPois    .         Spirit   .   (helmet unavailable)
rElec    .         Reflect  .   (no cloak)
rCorr    .         Harm     .   (no gloves)
MR       .....                  (no boots)
Stlth    ..........             (no amulet)
Regen    0.2/turn               (no ring)
MPRegen  0.1/turn               (no ring)

@: confused
A: permanent stasis, dig shafts and tunnels, four strong arms, antennae 3
a: Dig, Shaft Self


You were on level 4 of the Dungeon.
You were not hungry.

You visited 1 branch of the dungeon, and saw 4 of its levels.

You collected 178 gold pieces.

Inventory:

Hand Weapons
 a - a +0 short sword
 P - a +0 mace (weapon)
Missiles
 c - 6 javelins (quivered)
 Z - 2 throwing nets
Armour
 b - a +0 leather armour
 Y - a +0 scale mail (worn)
Scrolls
 E - 2 scrolls of blinking {unknown}
 I - a scroll of fog {unknown}
 J - 3 scrolls of recharging {unknown}
 M - a scroll of remove curse {unknown}
 N - 2 scrolls of enchant armour {unknown}
 O - a scroll of amnesia {unknown}
 S - a scroll of noise {unknown}
 V - 5 scrolls of identify {unknown}
 W - a scroll of teleportation {unknown}
Potions
 G - a potion of brilliance {unknown}
 H - a potion of magic {unknown}
 K - a potion of might {unknown}
 Q - a potion of curing
 R - a potion of lignification {unknown}
 T - a potion of ambrosia {unknown}
 X - a potion of haste {unknown}
Comestibles
 f - 3 bread rations
 z - 3 meat rations
 D - a chunk of flesh
 L - 10 fruits
 U - a royal jelly


   Skills:
 + Level 4.5 Fighting
 + Level 2.5 Maces & Flails
 - Level 4.0 Throwing
 + Level 3.7 Armour
 - Level 1.7 Dodging
 - Level 1.2 Stealth


You had 5 spell levels left.
You didn't know any spells.

Dungeon Overview and Level Annotations

Branches:
Dungeon (4/15)
 Temple: D:4-7

Altars:
Fedhas
Qazlal

Annotations:
D:3 exclusion: oklob plant


Innate Abilities, Weirdness & Mutations

You cannot be hasted, slowed, berserked, paralysed or teleported.
You can dig through walls and to a lower floor.
Your four strong arms can wield two-handed weapons with a shield.
You have a pair of large antennae on your head. (SInv)


Message History

The puff of flame hits you!
You miss the orc wizard.
The orc wizard is severely wounded.
The orc wizard casts a spell at you.
You are more confused.
You bump into the rock wall.
The orc wizard hits you but does no damage.
You are electrocuted!
You bump into the rock wall.
The orc wizard hits you but does no damage.
You are electrocuted!
* * * LOW HITPOINT WARNING * * *
You're too confused to move!
The orc wizard hits you but does no damage.
You are electrocuted!
* * * LOW HITPOINT WARNING * * *
You closely miss the orc wizard.
The orc wizard is severely wounded.
The orc wizard hits you with a dagger of electrocution.
You die...

###### #....## ..# #.##.##
..# ...$ ####.##.## ..####
#.... #....##.## .....#
#...# ###.#####... .....#
#...### #.......####
.....# #...#@## #.#.###.#
# ....># #...##o# #.#.#
#<####
.....#######...#{#####.#.#
#.##..
.......................#.#
#.##..
.........................#
#.....
#..#.........)........#.##
####..
##.#.#######...########.#
#.. ##.#.# #...# #.# ###
.....# #...# #.#


You could see an orc wizard (invisible).

Vanquished Creatures
  An orc wizard (D:4)
  Jessica (D:3)
  2 worker ants (D:4)
  Ijyb (D:3)
  5 adders
  2 worms
  3 dart slugs
  A leopard gecko (D:4)
  5 orcs
  A ball python (D:3)
  3 giant cockroaches
  4 goblins
  4 hobgoblins
  6 jackals
  6 kobolds
  A quokka (D:2)
  9 bats
  3 frilled lizards
  6 rats
64 creatures vanquished.

Notes
Turn   | Place    | Note
-------+----------+-------------------------------------------
     0 | D:1      | Gorglomux the Formicid Hunter began the quest for the Orb.
     0 | D:1      | Reached XP level 1. HP: 16/16 MP: 1/1
   133 | D:1      | Reached skill level 1 in Armour
   133 | D:1      | Reached XP level 2. HP: 23/23 MP: 2/2
   552 | D:1      | Reached XP level 3. HP: 28/28 MP: 3/3
   811 | D:2      | Reached skill level 3 in Fighting
  1176 | D:2      | Reached XP level 4. HP: 31/35 MP: 4/4
  1308 | D:2      | Reached skill level 1 in Maces & Flails
  2071 | D:3      | Noticed Ijyb
  2079 | D:3      | Killed Ijyb
  2079 | D:3      | Reached XP level 5. HP: 37/42 MP: 5/5
  2200 | D:3      | Found a stormy altar of Qazlal.
  2231 | D:3      | Reached skill level 3 in Armour
  2405 | D:3      | Found a blossoming altar of Fedhas.
  2426 | D:3      | Noticed an oklob plant
  2651 | D:3      | Noticed Jessica
  2654 | D:3      | Killed Jessica
  2921 | D:4      | Noticed an enchanted dagger
  2922 | D:4      | Noticed a hand axe
  2953 | D:4      | Reached XP level 6. HP: 16/48 MP: 6/6
  3604 | D:4      | HP: 1/49 [orc wizard/dagger of electrocution (10)]
  3605 | D:4      | Slain by an orc wizard

Skill      XL: |  1  2  3  4  5 |
---------------+----------------+-----
Armour         | 1 2 3 |  3.7
Fighting       | 3 4 |  4.5
Maces & Flails | 1 2 |  2.5
Throwing       | |  4.0
Dodging        | |  1.7
Stealth        | |  1.2

Action                   |  1- 3 |  4- 6 || total
-------------------------+-------+-------++-------
Melee: Short sword       |    46 |       ||    46
       Mace              |    37 |   156 ||   193
Throw: Javelin           |     5 |     6 ||    11
 Abil: Dig               |       |     1 ||     1
  Use: Potion            |       |     2 ||     2
  Eat: Chunk             |     1 |     8 ||     9
Armor: Leather armour    |     7 |       ||     7
       Scale mail        |    36 |    92 ||   128
Dodge: Dodged            |    56 |   111 ||   167
